 Dungeon Crawl Stone Soup version 0.20-a0-681-gf83e07f (webtiles) character file.

58 polly the Slasher (level 3, -5/27 HPs)
             Began as a Demonspawn Gladiator on Feb 18, 2017.
             Slain by a worm (12 damage)
             ... on level 2 of the Dungeon.
             The game lasted 00:01:23 (1435 turns).

polly the Slasher (Demonspawn Gladiator)            Turns: 1435, Time: 00:01:24

Health: -5/27      AC:  7    Str: 15    XL:     3   Next: 76%
Magic:  3/3        EV: 11    Int:  9    God:
Gold:   72         SH:  0    Dex: 14    Spells: 2/2 levels left

rFire    . . .     SeeInvis .   a - +0 long sword
rCold    . . .     Gourm    .   m - +0 scale mail
rNeg     . . .     Faith    .   (no shield)
rPois    .         Spirit   .   c - +0 helmet
rElec    .         Reflect  .   (no cloak)
rCorr    .         Harm     .   (no gloves)
MR       .....                  (no boots)
Stlth    ..........             (no amulet)
Regen    0.1/turn               (no ring)
MPRegen  0.1/turn               (no ring)

@: no status effects
A: rot immunity, sturdy frame 1
a: no special abilities


You were on level 2 of the Dungeon.
You were not hungry.

You visited 1 branch of the dungeon, and saw 2 of its levels.

You collected 72 gold pieces.

Inventory:

Hand Weapons
 a - a +0 long sword (weapon)
Missiles
 d - 3 throwing nets (quivered)
 i - 2 javelins
Armour
 b - a +0 leather armour
 c - a +0 helmet (worn)
 m - a +0 scale mail (worn)
Jewellery
 t - a +3 ring of strength {unknown}
Scrolls
 e - a scroll of immolation {unknown}
 g - a scroll of magic mapping {unknown}
 l - 3 scrolls of identify {unknown}
 p - 3 scrolls of remove curse {unknown}
 s - a scroll of amnesia {unknown}
 u - a scroll of teleportation {unknown}
Potions
 h - a potion of brilliance {unknown}
 j - a potion of might {unknown}
 k - a potion of curing {unknown}
 n - 2 potions of heal wounds {unknown}
 o - a potion of lignification {unknown}
 q - a potion of haste {unknown}
 r - a potion of flight {unknown}
Comestibles
 f - 3 bread rations


   Skills:
 + Level 2.2 Fighting
 + Level 3.5 Long Blades
 + Level 2.0 Throwing
 + Level 0.8 Armour
 + Level 3.1 Dodging


You had 2 spell levels left.
You didn't know any spells.

Dungeon Overview and Level Annotations

Branches:
Dungeon (2/15)

Altars:
Trog
Xom


Innate Abilities, Weirdness & Mutations

You are immune to rotting.
Your movements are slightly less encumbered by armour. (ER -2)


Message History

You are too injured to fight recklessly!
You are too injured to fight recklessly!
You are too injured to fight recklessly!
You are too injured to fight recklessly!
You are too injured to fight recklessly!
You are too injured to fight recklessly!
You are too injured to fight recklessly!
You are too injured to fight recklessly!
The rat bites you but does no damage. The rat closely misses you.
There is an open door here.
You hit the rat.
The rat is almost dead.
The rat bites you.
* * * LOW HITPOINT WARNING * * *
The rat bites you but does no damage.
You hit the rat.
You kill the rat!
You hit the worm but do no damage. The worm bites you!
You die...

...........#
#.......#..#. #
#######.####
#..........# # #.#
#.........## #
#.#######....##.#.# #
#.......†.........# #
#..).....)...#....# #
#............#....# #
#............##.#.# #.#
##..##@########.#.# #.#
#.####w#### #...# #.#
###.......## #...# #.#
##.........## #...# #.#
#...........# #.#.# #.#
#....###....# #.#.# #)#
#..†##y##...# #.#.###.#
#....###....###..>....#
##.........##.....###..


You could see a moth of wrath and a worm (berserk).

Vanquished Creatures
  An adder (D:2)
  4 dart slugs
  2 ball pythons (D:1)
  2 giant cockroaches
  7 goblins
  7 hobgoblins
  3 kobolds
  5 bats
  2 frilled lizards
  8 rats
41 creatures vanquished.

Vanquished Creatures (others)
  14 toadstools (D:1)
14 creatures vanquished.

Grand Total: 55 creatures vanquished

Notes
Turn   | Place    | Note
-------+----------+-------------------------------------------
     0 | D:1      | polly the Demonspawn Gladiator began the quest for the Orb.
     0 | D:1      | Reached XP level 1. HP: 16/16 MP: 1/1
    88 | D:1      | Gained mutation: Your movements are slightly less encumbered by armour. (ER -2) [demonic ancestry]
    88 | D:1      | Reached XP level 2. HP: 3/22 MP: 2/2
   597 | D:1      | Found a shimmering altar of Xom.
   600 | D:1      | Gained mutation: You are immune to rotting. [demonic ancestry]
   600 | D:1      | Reached XP level 3. HP: 26/27 MP: 3/3
  1414 | D:2      | Noticed a moth of wrath
  1416 | D:2      | Found a bloodstained altar of Trog.
  1435 | D:2      | Slain by a worm

Vault maps used:
D:1:      nagdon_arrival_zigzag_paths, hangedman_decor_lopped, xom_teletrap_fun
D:2:      minmay_door_path, tgw_trog, first_bread

Skill      XL: |  1  2 |
---------------+-------+-----
Long Blades    | 3 |  3.5
Throwing       | 2 |  2.0
Dodging        | 3 |  3.1
Fighting       | |  2.2
Armour         | |  0.8

Action                   || total
-------------------------++-------
Melee: Long sword        ||    92
 Stab: Sleeping          ||     1
  Eat: Chunk             ||     2
Armor: Leather armour    ||    11
       Scale mail        ||    36
Dodge: Dodged            ||    79
       Rpst.: Long sword ||    24
